 Dungeon Crawl Stone Soup version 0.20.1-1-g8b1a95d66d (webtiles) character file.

67 CKAuHET the Gusty (level 3, 0/26 HPs)
             Began as a Draconian Air Elementalist on Nov 28, 2017.
             Succumbed to an adder's poison
             ... on level 2 of the Dungeon.
             The game lasted 00:06:21 (1319 turns).

CKAuHET the Gusty (Draconian Air Elementalist)      Turns: 1319, Time: 00:06:22

Health: 0/26       AC:  5    Str: 10    XL:     3   Next: 98%
Magic:  5/7        EV: 12    Int: 16    God:
Gold:   92         SH:  0    Dex: 11    Spells: 4/7 levels left

rFire    . . .     SeeInvis .   f - +0 falchion
rCold    . . .     Gourm    .   (no shield)
rNeg     + . .     Faith    .   (armour unavailable)
rPois    .         Spirit   .   (helmet restricted)
rElec    .         Reflect  .   (no cloak)
rCorr    .         Harm     .   (no gloves)
MR       .....                  (no boots)
Stlth    +++.......             (no amulet)
Regen    0.1/turn               g - ring of stealth
MPRegen  0.1/turn               i - ring of positive energy

@: lethally poisoned (0 -> -2)
A: unfitting armour, antennae 1, cold-blooded, AC +5
a: no special abilities


You were on level 2 of the Dungeon.
You were very full.

You visited 1 branch of the dungeon, and saw 2 of its levels.

You collected 92 gold pieces.

Inventory:

Hand Weapons
 f - a +0 falchion (weapon)
Jewellery
 g - a ring of stealth (left hand)
 i - a ring of positive energy (right hand)
Scrolls
 e - a scroll of enchant armour
 o - a scroll of blinking
Books
 a - a book of Air

   Spells                             Type                      Level
   a - Shock                          Conjuration/Air              1
   b - Swiftness                      Charms/Air                   2
   c - Static Discharge               Conjuration/Air              3
   d - Airstrike                      Air                          4
   e - Lightning Bolt                 Conjuration/Air              5
Comestibles
 b - a bread ration
 c - 2 fruits


   Skills:
 + Level 0.6 Long Blades
 + Level 2.0 Dodging
 + Level 1.8 Stealth
 + Level 0.2 Unarmed Combat
 + Level 2.7 Spellcasting
 + Level 1.7 Conjurations
 + Level 3.7 Air Magic


You had 4 spell levels left.
You knew the following spells:

 Your Spells              Type           Power        Failure   Level  Hunger
a - Shock                 Conj/Air       ##..         6%          1    #......
b - Swiftness             Chrm/Air       #.......     14%         2    ##.....


Dungeon Overview and Level Annotations

Branches:
Dungeon (2/15)

Altars:
Okawaru


Innate Abilities, Weirdness & Mutations

Your plain brown scales are hard. (AC +5)
You cannot fit into any form of body armour.
You are cold-blooded and may be slowed by cold attacks.
You have a pair of small antennae on your head.


Message History

The adder barely misses you. The adder closely misses you.
As you read the scroll labeled FEACUH MILES, it crumbles to dust.
It is a scroll of identify.
o - a scroll of blinking The adder closely misses you.
You riposte.
You miss the adder.
The adder is almost dead.
Casting: Shock
Confirm with . or Enter, or press ? or * to list all spells.
Aiming: Shock
Press: ? - help, Shift-Dir - straight line, f/p - adder
Aim: an adder (almost dead)
The zap hits the adder.
You kill the adder!
Your surroundings seem slightly different.
You eat one of the 2 bread rations.
That bread ration really hit the spot!
* * * LOW HITPOINT WARNING * * *
You feel sick.
There is a lethal amount of poison in your body!
There are no items here.
You die...

#####...# #....# ##. ##.....###
#....# #.. ###..##### #.#### #.#
#...## #.# ####.# ##.### #.#
#..... ###..# #######.####.##.†
#...######### ##.............).#
#.......<...###..............###
###########..#.@.............###
##...........>.......≈
###.................≈
#..................
#.................≈
...................≈
.#.................#
#.#.....#..........
..................


There were no monsters in sight!

Vanquished Creatures
  Terence (D:2)
  An adder (D:2)
  A worm (D:2)
  A leopard gecko (D:1)
  7 goblins
  3 hobgoblins
  2 quokkas (D:2)
  A ball python (D:1)
  3 bats
  A frilled lizard (D:2)
  2 kobolds (D:1)
  6 rats
29 creatures vanquished.

Notes
Turn   | Place    | Note
-------+----------+-------------------------------------------
     0 | D:1      | CKAuHET the Draconian Air Elementalist began the quest for the Orb.
     0 | D:1      | Reached XP level 1. HP: 14/14 MP: 3/3
   402 | D:1      | Reached XP level 2. HP: 17/20 MP: 1/5
   469 | D:1      | Learned a level 2 spell: Swiftness
   809 | D:2      | Found an iron altar of Okawaru.
   900 | D:2      | Noticed Terence
  1031 | D:2      | Gained mutation: You can translocate small distances at will. [potion of mutation]
  1031 | D:2      | Lost mutation: You can translocate small distances at will. [potion of mutation]
  1031 | D:2      | Gained mutation: You have a pair of small antennae on your head. [potion of mutation]
  1039 | D:2      | Killed Terence
  1039 | D:2      | Reached XP level 3. HP: 14/26 MP: 0/7
  1315 | D:2      | HP: 1/26 [poisoned by an adder]
  1319 | D:2      | Succumbed to an adder's poison

Skill      XL: |  1  2 |
---------------+-------+-----
Dodging        | 2 |  2.0
Long Blades    | |  0.6
Stealth        | |  1.8
Unarmed Combat | |  0.2
Spellcasting   | |  2.7
Conjurations   | |  1.7
Air Magic      | |  3.7

Action                   || total
-------------------------++-------
Melee: Unarmed           ||    28
       Tailslap          ||     6
       Dagger            ||    14
       Falchion          ||    18
 Cast: Shock             ||    56
  Use: Potion            ||     7
       Scroll            ||     3
  Eat: Bread ration      ||     2
Armor: Skin              ||    15
Dodge: Dodged            ||    48
       Rpst.: Falchion   ||     5
